 Dungeon Crawl Stone Soup version 0.20-a0-923-g548304e (webtiles) character file.

16 4thArraOfDagon the Scratcher (level 2, 0/13 HPs)
             Began as a Felid Wanderer on Mar 26, 2017.
             Slain by an orc
             ... wielding a +0 flail
              (13 damage)
             ... on level 4 of the Dungeon.
             The game lasted 00:02:20 (459 turns).

4thArraOfDagon the Scratcher (Felid Wanderer)        Turns: 459, Time: 00:02:21

Health: 0/13       AC:  1    Str: 10    XL:     2   Next: 37%
Magic:  3/3        EV: 17    Int: 13    God:
Gold:   103        SH:  0    Dex: 13    Spells: 0/1 levels left
                                        Lives:  0   Deaths: 0

rFire    . . .     SeeInvis +     - Unarmed
rCold    . . .     Gourm    .   (shield unavailable)
rNeg     . . .     Faith    .   (armour unavailable)
rPois    .         Spirit   .   (helmet unavailable)
rElec    .         Reflect  .   (cloak unavailable)
rCorr    .         Harm     .   (gloves unavailable)
MR       .....                  (boots unavailable)
Stlth    +++.......             (no amulet)
Regen    0.1/turn               (no ring)
MPRegen  0.1/turn               (no ring)

@: quick
A: no armour, no weapons or thrown items, stealth, claws 1, fangs 3, see
invisible, carnivore 3, speed 1, shaggy fur 1, slow metabolism 1, sharp paws
a: no special abilities


You were on level 4 of the Dungeon.
You were very full.

You visited 1 branch of the dungeon, and saw 4 of its levels.

You collected 103 gold pieces.

Inventory:

Scrolls
 h - a scroll of magic mapping {unknown}
 i - a scroll of noise {unknown}
 l - a scroll of identify {unknown}
Potions
 a - a potion of haste
 c - 2 potions of lignification
 e - a potion of cancellation {unknown}
 f - a potion of curing {unknown}
 g - a potion of agility {unknown}
 j - a potion of might {unknown}
 k - a potion of magic {unknown}
 m - a potion of brilliance {unknown}
Comestibles
 d - a meat ration


   Skills:
 - Level 2.0 Fighting
 * Level 2.3 Dodging
 + Level 3.2 Stealth
 - Level 6.0 Unarmed Combat


You couldn't memorise any spells.
You knew the following spells:

 Your Spells              Type           Power        Failure   Level  Hunger
a - Apportation           Tloc           #.....       30%         1    ##.....


Dungeon Overview and Level Annotations

Branches:
Dungeon (4/15)
 Temple: D:4-7

Altars:


Innate Abilities, Weirdness & Mutations

You cannot wear armour.
You are incapable of wielding weapons or throwing items.
Your paws allow you to move quietly. (Stealth)
You have sharp claws.
You have razor-sharp teeth.
You have supernaturally acute eyesight. (SInv)
You are carnivorous and can eat meat at any time.
You cover ground quickly.
You are covered in fur. (AC +1)
You have a slow metabolism.
Your sharp claws are effective at attacking unaware monsters.


Message History

The orc hits you with a flail!
Ouch! That really hurt!
* * * LOW HITPOINT WARNING * * *
You scratch the orc but do no damage.
The orc is moderately wounded.
Unknown command.
You feel much better. The orc closely misses you.
You barely miss the orc.
The orc is moderately wounded.
The orc hits you with a flail!
Ouch! That really hurt!
You scratch the orc but do no damage.
The orc is moderately wounded.
The orc hits you with a flail.
* * * LOW HITPOINT WARNING * * *
Unknown command.
Unknown command.
You feel much better. The orc hits you with a flail!
Ouch! That really hurt!
You die...

.# #.# ...
#.# +.+ #.#
#.#+##.####.#
#...o@......#
#.#+##.####.#
+.'..# #
#.#..#.#
#.####.##'#.#
#...........#
####.##'#.#
#..'.'..#.#
#⌠.#.#..#.#


You could see an orc.

Vanquished Creatures
  A dart slug (D:2)
  2 goblins (D:2)
  A hobgoblin (D:2)
  A bat (D:3)
  2 frilled lizards
  4 kobolds
  A quokka skeleton (D:4)
  4 rats
16 creatures vanquished.

Notes
Turn   | Place    | Note
-------+----------+-------------------------------------------
     0 | D:1      | 4thArraOfDagon the Felid Wanderer began the quest for the Orb.
     0 | D:1      | 4thArraOfDagon set off with: a potion of haste, a potion of heal wounds, 2 potions of lignification, a meat ration
     0 | D:1      | Reached XP level 1. HP: 9/9 MP: 2/2
    79 | D:2      | Reached skill level 1 in Dodging
   231 | D:2      | Reached XP level 2. HP: 13/13 MP: 3/3
   354 | D:3      | Learned a level 1 spell: Apportation
   459 | D:4      | Slain by an orc

Vault maps used:
D:1:      roderic_crop_circles_arrival_small, minmay_domino_4
D:3:      first_bread
D:4:      minmay_door_path, nemelex_altar_shiori

Skill      XL: |  1  2 |
---------------+-------+-----
Dodging        | 1 2 |  2.3
Stealth        | 3 |  3.2
Fighting       | |  2.0
Unarmed Combat | |  6.0

Action                   || total
-------------------------++-------
Melee: Unarmed           ||    24
       Bite              ||     1
  Use: Potion            ||     2
 Stab: Sleeping          ||     6
  Eat: Chunk             ||     4
Armor: Skin              ||     1
Dodge: Dodged            ||     5
